 Dungeon Sprint DCSS version 0.31.0-9-g3a7656b989 (webtiles) character file.

Game seed: 1773349543951873700

2103 Heoruswealwe the Impaler (level 9, -21/92 HPs)
             Began as a Minotaur Fighter on Feb 1, 2024.
             Was an Initiate of Gozag.
             Demolished by a very large slime creature (54 damage)
             ... in the Dungeon (Sprint IX: "|||||||||||||||||||||||||||||").
             The game lasted 00:03:05 (484 turns).

Heoruswealwe the Impaler (Minotaur Fighter)          Turns: 484, Time: 00:03:05

Health: -21/92     AC: 20    Str: 26    XL:     9   Next: 7%
Magic:  8/8        EV:  8    Int:  5    God:    Gozag
Gold:   747        SH:  0    Dex:  9    Spells: 8/8 levels left

rFire   . . .        b - +2 halberd (venom)
rCold   . . .        (shield currently unavailable)
rNeg    . . .        c - +0 plate armour
rPois   .            (helmet restricted)
rElec   .            (no cloak)
rCorr   .            f - +0 pair of gloves
SInv    .            e - +0 pair of boots
Will    .....        (no amulet) Stlth
                     k - +2 ring of protection
HPRegen 0.35/turn    (no ring)
MPRegen 0.11/turn

%: no teleportation
@: no status effects
A: horns 2, retaliatory headbutt
a: Renounce Religion, Potion Petition, Call Merchant, Bribe Branch


You were in the Dungeon.
You worshipped Gozag.
Gozag was pleased with you.
You visited 1 branch You collected 747 gold pieces.

Inventory:

Hand Weapons
 a - a +0 trident
 b - a +2 halberd of venom (weapon)
Armour
 c - a +0 plate armour (worn)
 d - a +0 buckler
 e - a +0 pair of boots (worn)
 f - a +0 pair of gloves (worn)
Jewellery
 k - a +2 ring of protection (left hand)
Wands
 h - a wand of light (10)
Scrolls
 j - 2 scrolls of blinking
Potions
 g - a potion of haste
 i - a potion of berserk rage
 l - a potion of heal wounds
 m - 4 potions of curing
 n - a potion of might


   Skills:
 + Level 12.8 Fighting
 * Level 17.1 Polearms
 + Level 12.8 Armour
 - Level 3.6 Shields


You had 8 spell levels left.
You didn't know any spells.
Your spell library was empty.

Dungeon Overview and Level Annotations

Branches:
Dungeon (1/1)

Altars:
Cheibriados
Dithmenos
Elyvilon
Fedhas
Gozag
Hepliaklqana
Kikubaaqudgha
Makhleb
Nemelex Xobeh
Okawaru
Qazlal
Ru
Sif Muna
Trog
Uskayaw
Vehumet
Wu Jian
Xom
Yredelemnul
Zin
The Shining One
Jiyva
Lugonu


Innate Abilities, Weirdness & Mutations

You have a pair of horns on your head.
You reflexively headbutt those who attack you in melee.


Message History

You puncture the large slime creature! You headbutt the large slime creature.
The large slime creature is lightly wounded.
You slash the large slime creature!
The large slime creature is moderately wounded.
The large slime creature hits you!
You slice the large slime creature!!
The large slime creature is heavily wounded.
Two slime creatures merge to form a very large slime creature.
You slash the very large slime creature!
The very large slime creature is moderately wounded.
You slice the very large slime creature!!
Your headbutt misses the very large slime creature.
The very large slime creature is heavily wounded.
You hit the very large slime creature but do no damage.
The very large slime creature is poisoned.
You headbutt the very large slime creature!
The very large slime creature is heavily wounded.
The very large slime creature hits you!
You slash the very large slime creature!
You headbutt the very large slime creature!
The very large slime creature is severely wounded.
You hit the very large slime creature but do no damage.
You headbutt the very large slime creature!
The very large slime creature is severely wounded.
The very large slime creature barely misses you.
You slice the very large slime creature!!
The very large slime creature is almost dead.
The very large slime creature jiggles.
The very large slime creature hits you!!!
Ouch! That really hurt!
* * * LOW HITPOINT WARNING * * *
You puncture the very large slime creature!
The very large slime creature looks as sick as possible!
The very large slime creature is almost dead.
The very large slime creature hits you but does no damage.
You feel much better.
The very large slime creature hits you!!!
Ouch! That really hurt!
You die...
Your body crumbles into a pile of gold. ▓▓▓▓▓▓▓▓▓▓▓▓▓▓▓▓▓▓▓▓▓▓▓▓ +....TJ@......)....=[)?! ▓▓▓▓▓▓▓▓▓▓▓▓▓▓▓▓▓▓▓▓▓▓▓▓

You could see a very large slime creature (extremely poisoned) and a troll.

Vanquished Creatures
  2 two-headed ogres (D)
  A cyclops (D)
  A yak (D)
  A spriggan (shapeshifter) (D)
  A centaur (D)
  A scorpion (D)
  A killer bee (D)
  A howler monkey (D)
  A hound (D)
  A gnoll (D)
  An adder (D)
  A ball python (D)
  2 hobgoblins (D)
  2 quokkas (D)
  A rat (D)
18 creatures vanquished.

Notes
Turn   | Place    | Note
-------+----------+-------------------------------------------
     0 | D        | Heoruswealwe the Minotaur Fighter began the quest for the
                  | Orb.
     0 | D        | Reached XP level 1. HP: 19/19 MP: 0/0
     9 | D        | Reached skill level 3 in Polearms
    14 | D        | Banished a spatial maelstrom
    22 | D        | Noticed a scorpion
    22 | D        | Noticed a hound
    25 | D        | Killed a hound
    26 | D        | Reached skill level 5 in Fighting
    26 | D        | Reached skill level 5 in Polearms
    26 | D        | Reached skill level 5 in Armour
    26 | D        | Reached XP level 2. HP: 22/29 MP: 1/1
    26 | D        | Reached XP level 3. HP: 27/36 MP: 2/2
    29 | D        | Killed a scorpion
    30 | D        | Reached skill level 7 in Polearms
    30 | D        | Reached XP level 4. HP: 36/45 MP: 3/3
    35 | D        | Reached skill level 8 in Polearms
    46 | D        | Found a snail-covered altar of Cheibriados.
    46 | D        | Found a shadowy altar of Dithmenos.
    46 | D        | Found a white marble altar of Elyvilon.
    46 | D        | Found a blossoming altar of Fedhas.
    46 | D        | Found an opulent altar of Gozag.
    47 | D        | Found a hazy altar of Hepliaklqana.
    48 | D        | Found a viscous altar of Jiyva.
    49 | D        | Found an ancient bone altar of Kikubaaqudgha.
    50 | D        | Found a corrupted altar of Lugonu.
    51 | D        | Found a burning altar of Makhleb.
    52 | D        | Found a sparkling altar of Nemelex Xobeh.
    53 | D        | Found an iron altar of Okawaru.
    54 | D        | Became a worshipper of Gozag Ym Sagoz the Greedy
    55 | D        | Found a stormy altar of Qazlal.
    56 | D        | Found a sacrificial altar of Ru.
    57 | D        | Found a shimmering blue altar of Sif Muna.
    58 | D        | Found a bloodstained altar of Trog.
    59 | D        | Found a hide-covered altar of Uskayaw.
    60 | D        | Found a radiant altar of Vehumet.
    61 | D        | Found an ornate altar of the Wu Jian Council.
    62 | D        | Found a shimmering altar of Xom.
    63 | D        | Found a basalt altar of Yredelemnul.
    64 | D        | Found a glowing silver altar of Zin.
    65 | D        | Found a glowing golden altar of the Shining One.
   131 | D        | Noticed a two-headed ogre
   131 | D        | Noticed a two-headed ogre
   131 | D        | Noticed a centaur
   131 | D        | Noticed a yak
   137 | D        | Killed a yak
   138 | D        | Reached skill level 10 in Polearms
   138 | D        | Reached XP level 5. HP: 53/53 MP: 4/4
   145 | D        | Killed a two-headed ogre
   146 | D        | Reached skill level 10 in Fighting
   146 | D        | Reached skill level 14 in Polearms
   146 | D        | Reached skill level 10 in Armour
   146 | D        | Reached XP level 6. HP: 26/67 MP: 5/5
   146 | D        | Reached XP level 7. HP: 29/73 MP: 6/6
   149 | D        | Killed a two-headed ogre
   150 | D        | Reached skill level 15 in Polearms
   150 | D        | Reached XP level 8. HP: 38/83 MP: 7/7
   161 | D        | Reached skill level 16 in Polearms
   306 | D        | Noticed a troll
   306 | D        | Noticed a queen bee
   306 | D        | Noticed a slime creature
   306 | D        | Noticed a cyclops
   306 | D        | Noticed a slime creature
   306 | D        | Noticed a slime creature
   310 | D        | a queen bee changed into a harpy
   310 | D        | Noticed a harpy (shapeshifter)
   311 | D        | Killed a cyclops
   312 | D        | Reached XP level 9. HP: 36/92 MP: 8/8
   340 | D        | Reached skill level 17 in Polearms
   484 | D        | Demolished by a very large slime creature

Illustrated notes

Levels and vault maps discovered:
D:        linesprint [early_d, line_temple, items_1, d_10, items_2, lair_1,
          lair_end, items_3, orc_1, orc_end, items_4, d_15, swamp_1, shoals_1,
          snake_1, spider_1, d_20, vaults_1, items_5, swamp_end, shoals_end,
          snake_end, spider_end, vaults_end, d_27, items_6, zot_1, zot_end,
          crypt_end, forest_end, elf_end, slime_end, tomb_end, abyss_end,
          pan_hell_end]

Skill      XL: |  1  2  3  4  5  6  7  8  9 |
---------------+----------------------------+-----
Polearms       | 5 7 10 14 15 16 17 | 17.1
Fighting       | 5 6 8 10 11 12 | 12.8
Armour         | 5 6 8 10 11 12 | 12.8
Shields        | |  3.6

Action                     |  1- 3 |  4- 6 |  7- 9 || total
---------------------------+-------+-------+-------++-------
  Melee: Trident           |    19 |    10 |       ||    29
         Headbutt          |     3 |     2 |     5 ||    10
         Halberd           |       |    14 |    30 ||    44
    Use: Potion            |       |       |     3 ||     3
   Stab: Distracted        |       |       |     2 ||     2
 Armour: Scale mail        |     6 |     5 |       ||    11
         Plate armour      |       |     9 |    20 ||    29
  Dodge: Dodged            |     4 |    10 |     5 ||    19
  Block: Buckler           |     6 |     1 |       ||     7
